Workbook

Sheet приложение 1
I1: Приложение 1
I2: к решению Думы Юсьвинского
I3: муниципального округа
I4: Пермского края
I5: от 16.09.2026 № 207
A6: Распределение бюджетных ассигнований по целевым статьям (муниципальным программам и непрограммным направлениям деятельности) и группам видов расходов классификации расходов на 2026-2028 годы
J7: (тыс.руб.)
A8: Целевая статья | B8: Вид расходов | C8: Направление расходов (отрасль) | D8: 2026 год | F8: 2026 год | G8: 2027 год (проект) | I8: 2027 год | J8: 2028 год
E9: изменения
A10: 00 0 00 00000 | C10: Муниципальные программы Юсьвинского муниципального округа Пермского края | D10: =D11+D56+D167+D194+D218+D294+D308+D327+D354+D427+D481+D493+D516+D524 -> 1351173.5 | E10: =E11+E56+E167+E194+E218+E294+E308+E327+E354+E427+E481+E493+E516+E524 -> 3161.8042 | F10: =F11+F56+F167+F194+F218+F294+F308+F327+F354+F427+F481+F493+F516+F524 -> 1354335.4 | G10: =G11+G56+G167+G194+G218+G294+G308+G327+G354+G427+G481+G493+G516+G524 -> 987024.63 | H10: =H11+H56+H167+H194+H218+H294+H308+H327+H354+H427+H481+H493+H516+H524 -> 554.13055 | I10: =I11+I56+I167+I194+I218+I294+I308+I327+I354+I427+I481+I493+I516+I524 -> 987578.76 | J10: =J11+J56+J167+J194+J218+J294+J308+J327+J354+J427+J481+J493+J516+J524 -> 948255.29
A11: 01 0 00 00000 | C11: Муниципальная программа "Муниципальное управление в Юсьвинском муниципальном округе Пермского края" | D11: =D12+D18+D27+D50 -> 103853.4 | F11: =F12+F18+F27+F50 -> 103853.4 | G11: =G12+G18+G27+G50 -> 106681.8 | I11: =I12+I18+I27+I50 -> 106681.8 | J11: =J12+J18+J27+J50 -> 108411.1
A12: 01 1 00 00000 | C12: Подпрограмма "Формирование общедоступной информационно-коммуникационной среды" | D12: =D13 -> 687.2 | F12: =F13 -> 687.2 | G12: =G13 -> 69.4 | I12: =I13 -> 69.4 | J12: =J13 -> 615.9
A13: 01 1 20 00000 | C13: Основное мероприятие "Предоставление муниципальных услуг в электронном виде" | D13: =D14+D16 -> 687.2 | F13: =F14+F16 -> 687.2 | G13: =G14+G16 -> 69.4 | I13: =I14+I16 -> 69.4 | J13: =J14+J16 -> 615.9
A14: 01 1 20 4У020 | C14: Обеспечение, сопровождение информационных систем, приобретение компьютерной оргтехники в целях автоматизации административно-управленческих процессов при выполнении функций администрации Юсьвинского муниципального округа Пермского края | D14: =D15 -> 610.7 | F14: =F15 -> 610.7 | G14: =G15 -> 0 | I14: =I15 -> 0 | J14: =J15 -> 539.4
B15: 200 | C15: Закупка товаров, работ и услуг для обеспечения государственных (муниципальных) нужд | D15: 610.7 | F15: 610.7 | G15: 0 | I15: 0 | J15: 539.4
A16: 01 1 20 4У040 | C16: Обеспечение функционирования официального сайта администрации Юсьвинского муниципального округа Пермского края | D16: =D17 -> 76.5 | F16: =F17 -> 76.5 | G16: =G17 -> 69.4 | I16: =I17 -> 69.4 | J16: =J17 -> 76.5
B17: 200 | C17: Закупка товаров, работ и услуг для обеспечения государственных (муниципальных) нужд | D17: 76.5 | F17: 76.5 | G17: 69.4 | I17: 69.4 | J17: 76.5
A18: 01 2 00 00000 | C18: Подпрограмма "Организация деятельности по реализации вопросов местного значения Юсьвинского муниципального округа Пермского края" | D18: =D19 -> 96776.3 | F18: =F19 -> 96776.3 | G18: =G19 -> 100083.9 | I18: =I19 -> 100083.9 | J18: =J19 -> 100263.4
A19: 01 2 10 00000 | C19: Основное мероприятие "Обеспечение исполнения администрацией Юсьвинского муниципального округа вопросов местного значения, предусмотренных законом РФ № 131-ФЗ" | D19: =D20+D22+D25 -> 96776.3 | F19: =F20+F22+F25 -> 96776.3 | G19: =G20+G22+G25 -> 100083.9 | I19: =I20+I22+I25 -> 100083.9 | J19: =J20+J22+J25 -> 100263.4
A20: 01 2 10 4У060 | C20: Обеспечение выполнения функций главы муниципального округа - главы администрации Юсьвинского муниципального округа Пермского края | D20: =D21 -> 4063.9 | F20: =F21 -> 4063.9 | G20: =G21 -> 4238.1 | I20: =I21 -> 4238.1 | J20: =J21 -> 4238.1
B21: 100 | C21: Расходы на выплаты персоналу в целях обеспечения выполнения функций государственными (муниципальными) органами, казенными учреждениями, органами управления государственными внебюджетными фондами | D21: 4063.9 | F21: 4063.9 | G21: 4238.1 | I21: 4238.1 | J21: 4238.1
A22: 01 2 10 4У070 | C22: Обеспечение выполнения функций администрации Юсьвинского муниципального округа и её структурных подразделений | D22: =D23+D24 -> 83221.4 | F22: =F23+F24 -> 83221.4 | G22: =G23+G24 -> 86166.2 | I22: =I23+I24 -> 86166.2 | J22: =J23+J24 -> 86345.7
B23: 100 | C23: Расходы на выплаты персоналу в целях обеспечения выполнения функций государственными (муниципальными) органами, казенными учреждениями, органами управления государственными внебюджетными фондами | D23: =78712.2+663.6+71.9 -> 79447.7 | F23: =78712.2+663.6+71.9 -> 79447.7 | G23: =82087.2+828.9 -> 82916.1 | I23: =82087.2+828.9 -> 82916.1 | J23: =82087.2+828.9 -> 82916.1
B24: 200 | C24: Закупка товаров, работ и услуг для обеспечения государственных (муниципальных) нужд | D24: =3394.5+350+29.2 -> 3773.7 | F24: =3394.5+350+29.2 -> 3773.7 | G24: =3215+35.1 -> 3250.1 | I24: =3215+35.1 -> 3250.1 | J24: =3394.5+35.1 -> 3429.6
A25: 01 2 10 70001 | C25: Выплата пенсии за выслугу лет лицам, замещавшим муниципальные должности и должности муниципальной службы | D25: =D26 -> 9491 | F25: =F26 -> 9491 | G25: =G26 -> 9679.6 | I25: =I26 -> 9679.6 | J25: =J26 -> 9679.6
B26: 300 | C26: Социальное обеспечение и иные выплаты населению | D26: 9491 | F26: 9491 | G26: 9679.6 | I26: 9679.6 | J26: 9679.6
A27: 01 3 00 00000 | C27: Подпрограмма "Организация деятельности по осуществлению администрацией Юсьвинского муниципального округа Пермского края переданных отдельных государственных полномочий" | D27: =D28 -> 6170.5 | F27: =F28 -> 6170.5 | G27: =G28 -> 6528.5 | I27: =I28 -> 6528.5 | J27: =J28 -> 7312.4
A28: 01 3 10 00000 | C28: Основное мероприятие "Обеспечение выполнения переданных отдельных государственных полномочий" | D28: =D29+D32+D35+D37+D40+D42+D44+D47 -> 6170.5 | F28: =F29+F32+F35+F37+F40+F42+F44+F47 -> 6170.5 | G28: =G29+G32+G35+G37+G40+G42+G44+G47 -> 6528.5 | I28: =I29+I32+I35+I37+I40+I42+I44+I47 -> 6528.5 | J28: =J29+J32+J35+J37+J40+J42+J44+J47 -> 7312.4
A29: 01 3 10 2С150 | C29: Образование комиссий по делам несовершеннолетних и защите их прав и организация их деятельности | D29: =D30+D31 -> 1474.7 | F29: =F30+F31 -> 1474.7 | G29: =G30+G31 -> 1513.6 | I29: =I30+I31 -> 1513.6 | J29: =J30+J31 -> 1513.6
B30: 100 | C30: Расходы на выплаты персоналу в целях обеспечения выполнения функций государственными (муниципальными) органами, казенными учреждениями, органами управления государственными внебюджетными фондами | D30: 1344.2 | F30: 1344.2 | G30: 1401.9 | I30: 1401.9 | J30: 1401.9
B31: 200 | C31: Закупка товаров, работ и услуг для обеспечения государственных (муниципальных) нужд | D31: 130.5 | F31: 130.5 | G31: 111.7 | I31: 111.7 | J31: 111.7
A32: 01 3 10 2В230 | C32: Обеспечение хранения, комплектования, учета и использования архивных документов государственной части документов Архивного фонда Пермского края | D32: =D33+D34 -> 696.6 | F32: =F33+F34 -> 696.6 | G32: =G33+G34 -> 714.4 | I32: =I33+I34 -> 714.4 | J32: =J33+J34 -> 714.4
B33: 100 | C33: Расходы на выплаты персоналу в целях обеспечения выполнения функций государственными (муниципальными) органами, казенными учреждениями, органами управления государственными внебюджетными фондами | D33: 660.5 | F33: 660.5 | G33: 688.9 | I33: 688.9 | J33: 688.9
B34: 200 | C34: Закупка товаров, работ и услуг для обеспечения государственных (муниципальных) нужд | D34: 36.1 | F34: 36.1 | G34: 25.5 | I34: 25.5 | J34: 25.5
A35: 01 3 10 2П040 | C35: Составление протоколов об административных правонарушениях | D35: =D36 -> 20.9 | F35: =F36 -> 20.9 | G35: =G36 -> 20.9 | I35: =I36 -> 20.9 | J35: =J36 -> 20.9
B36: 200 | C36: Закупка товаров, работ и услуг для обеспечения государственных (муниципальных) нужд | D36: 20.9 | F36: 20.9 | G36: 20.9 | I36: 20.9 | J36: 20.9
A37: 01 3 10 2П060 | C37: Осуществление полномочий по созданию и организации деятельности административных комиссий | D37: =D38+D39 -> 79.3 | F37: =F38+F39 -> 79.3 | G37: =G38+G39 -> 81.4 | I37: =I38+I39 -> 81.4 | J37: =J38+J39 -> 81.4
B38: 100 | C38: Расходы на выплаты персоналу в целях обеспечения выполнения функций государственными (муниципальными) органами, казенными учреждениями, органами управления государственными внебюджетными фондами | D38: 23 | F38: 23 | G38: 24 | I38: 24 | J38: 24
B39: 200 | C39: Закупка товаров, работ и услуг для обеспечения государственных (муниципальных) нужд | D39: 56.3 | F39: 56.3 | G39: 57.4 | I39: 57.4 | J39: 57.4
A40: 01 3 10 2Т060 | C40: Осуществление полномочий по регулированию тарифов на перевозки пассажиров и багажа автомобильным и городским электрическим транспортом на муниципальных маршрутах регулярных перевозок | D40: =D41 -> 17.5 | F40: =F41 -> 17.5 | G40: =G41 -> 18 | I40: =I41 -> 18 | J40: =J41 -> 18
B41: 200 | C41: Закупка товаров, работ и услуг для обеспечения государственных (муниципальных) нужд | D41: 17.5 | F41: 17.5 | G41: 18 | I41: 18 | J41: 18
A42: 01 3 10 51200 | C42: Осуществление полномочий по составлению (изменению, дополнению) списков кандидатов в присяжные заседатели федеральных судов общей юрисдикции в Российской Федерации | D42: =D43 -> 34.9 | F42: =F43 -> 34.9 | G42: =G43 -> 1.7 | I42: =I43 -> 1.7 | J42: =J43 -> 1.9
B43: 200 | C43: Закупка товаров, работ и услуг для обеспечения государственных (муниципальных) нужд | D43: 34.9 | F43: 34.9 | G43: 1.7 | I43: 1.7 | J43: 1.9
A44: 01 3 10 59300 | C44: Государственная регистрация актов гражданского состояния | D44: =D45+D46 -> 1232.2 | F44: =F45+F46 -> 1232.2 | G44: =G45+G46 -> 1267 | I44: =I45+I46 -> 1267 | J44: =J45+J46 -> 1267
B45: 100 | C45: Расходы на выплаты персоналу в целях обеспечения выполнения функций государственными (муниципальными) органами, казенными учреждениями, органами управления государственными внебюджетными фондами | D45: 1148.2 | F45: 1148.2 | G45: 1197.5 | I45: 1197.5 | J45: 1197.5
B46: 200 | C46: Закупка товаров, работ и услуг для обеспечения государственных (муниципальных) нужд | D46: 84 | F46: 84 | G46: 69.5 | I46: 69.5 | J46: 69.5
A47: 01 3 10 51180 | C47: Осуществление первичного воинского учета органами местного самоуправления муниципальных и городских округов | D47: =D48+D49 -> 2614.4 | F47: =F48+F49 -> 2614.4 | G47: =G48+G49 -> 2911.5 | I47: =I48+I49 -> 2911.5 | J47: =J48+J49 -> 3695.2
B48: 100 | C48: Расходы на выплаты персоналу в целях обеспечения выполнения функций государственными (муниципальными) органами, казенными учреждениями, органами управления государственными внебюджетными фондами | D48: 1812 | F48: 1812 | G48: 1889.7 | I48: 1889.7 | J48: 1889.7
B49: 200 | C49: Закупка товаров, работ и услуг для обеспечения государственных (муниципальных) нужд | D49: =287.3+515.1 -> 802.4 | F49: =287.3+515.1 -> 802.4 | G49: =283.2+738.6 -> 1021.8 | I49: =283.2+738.6 -> 1021.8 | J49: =283.2+1522.3 -> 1805.5
A50: 01 5 00 00000 | C50: Подпрограмма "Формирование позитивного имиджа Юсьвинского муниципального округа Пермского края" | D50: =D51 -> 219.4 | F50: =F51 -> 219.4 | G50: =G51 -> 0 | I50: =I51 -> 0 | J50: =J51 -> 219.4
A51: 01 5 10 00000 | C51: Основное мероприятие "Формирование позитивного имиджа главы муниципального округа – главы администрации Юсьвинского муниципального округа Пермского края и администрации Юсьвинского муниципального округа Пермского края " | D51: =D52+D54 -> 219.4 | F51: =F52+F54 -> 219.4 | G51: =G52+G54 -> 0 | I51: =I52+I54 -> 0 | J51: =J52+J54 -> 219.4
A52: 01 5 10 4У092 | C52: Изготовление печатной продукции | D52: =D53 -> 97.8 | F52: =F53 -> 97.8 | G52: =G53 -> 0 | I52: =I53 -> 0 | J52: =J53 -> 97.8
B53: 200 | C53: Закупка товаров, работ и услуг для обеспечения государственных (муниципальных) нужд | D53: 97.8 | F53: 97.8 | G53: 0 | I53: 0 | J53: 97.8
A54: 01 5 10 4У093 | C54: Размещение информации о деятельности органов местного самоуправления Юсьвинского муниципального округа Пермского края, социально-экономическом и культурном развитии в СМИ | D54: =D55 -> 121.6 | F54: =F55 -> 121.6 | G54: =G55 -> 0 | I54: =I55 -> 0 | J54: =J55 -> 121.6
B55: 200 | C55: Закупка товаров, работ и услуг для обеспечения государственных (муниципальных) нужд | D55: 121.6 | F55: 121.6 | G55: 0 | I55: 0 | J55: 121.6
A56: 02 0 00 00000 | C56: Муниципальная программа "Образование Юсьвинского муниципального округа Пермского края" | D56: =D57+D74+D106+D122+D132+D145+D163 -> 590138.68 | E56: =E57+E74+E106+E122+E132+E145+E163 -> -597.7 | F56: =F57+F74+F106+F122+F132+F145+F163 -> 589540.98 | G56: =G57+G74+G106+G122+G132+G145+G163 -> 597005.09 | I56: =I57+I74+I106+I122+I132+I145+I163 -> 597005.09 | J56: =J57+J74+J106+J122+J132+J145+J163 -> 562113.82
A57: 02 1 00 00000 | C57: Подпрограмма "Дошкольное образование" | D57: =D58 -> 146708.69 | E57: =E58 -> -1009.4 | F57: =F58 -> 145699.29 | G57: =G58 -> 140976.74 | I57: =I58 -> 140976.74 | J57: =J58 -> 139771.17
A58: 02 1 10 00000 | C58: Основное мероприятие "Оказание услуг по присмотру и уходу, реализации основных общеобразовательных программ дошкольного образования" | D58: =D59+D61+D64+D66+D68+D70 -> 146708.69 | E58: =E59+E61+E64+E66+E68+E70 -> -1009.4 | F58: =F59+F61+F64+F66+F68+F70 -> 145699.29 | G58: =G59+G61+G64+G66+G68 -> 140976.74 | I58: =I59+I61+I64+I66+I68 -> 140976.74 | J58: =J59+J61+J64+J66+J68 -> 139771.17
A59: 02 1 10 00150 | C59: Оказание услуг дошкольного образования в рамках полномочий Юсьвинского муниципального округа Пермского края | D59: =D60 -> 30109 | E59: =E60 -> -1009.4 | F59: =F60 -> 29099.6 | G59: =G60 -> 30109 | I59: =I60 -> 30109 | J59: =J60 -> 30109
B60: 600 | C60: Предоставление субсидий бюджетным, автономным учреждениям и иным некоммерческим организациям | D60: 30109 | E60: -1009.4 | F60: =D60-1009.4 -> 29099.6 | G60: 30109 | I60: 30109 | J60: 30109
A61: 02 1 10 2Н021 | C61: Обеспечение государственных гарантий реализации прав на получение общедоступного и бесплатного дошкольного образования в муниципальных дошкольных образовательных учреждениях | D61: =D62+D63 -> 110421.29 | F61: =F62+F63 -> 110421.29 | G61: =G62+G63 -> 105471.04 | I61: =I62+I63 -> 105471.04 | J61: =J62+J63 -> 104153.77
B62: 300 | C62: Социальное обеспечение и иные выплаты населению | D62: 23.3525 | F62: 23.3525 | G62: 0 | I62: 0 | J62: 0
B63: 600 | C63: Предоставление субсидий бюджетным, автономным учреждениям и иным некоммерческим организациям | D63: 110397.93 | F63: 110397.93 | G63: 105471.04 | I63: 105471.04 | J63: 104153.77
A64: 02 1 10 2Н022 | C64: Предоставление выплаты компенсаций части родительской платы за присмотр и уход за ребенком в образовательных организациях, реализующих образовательную программу дошкольного образования | D64: =D65 -> 4095.9 | F64: =F65 -> 4095.9 | G64: =G65 -> 3785.2 | I64: =I65 -> 3785.2 | J64: =J65 -> 3896.9
B65: 600 | C65: Предоставление субсидий бюджетным, автономным учреждениям и иным некоммерческим организациям | D65: 4095.9 | F65: 4095.9 | G65: 3785.2 | I65: 3785.2 | J65: 3896.9
A66: 02 1 10 4Н010 | C66: Обеспечение бесплатного проезда обучающихся до места обучения и обратно | D66: =D67 -> 1443.4 | F66: =F67 -> 1443.4 | G66: =G67 -> 1443.4 | I66: =I67 -> 1443.4 | J66: =J67 -> 1443.4
B67: 600 | C67: Предоставление субсидий бюджетным, автономным учреждениям и иным некоммерческим организациям | D67: 1443.4 | F67: 1443.4 | G67: 1443.4 | I67: 1443.4 | J67: 1443.4
A68: 02 1 10 4Н020 | C68: Обеспечение бесплатным питанием обучающихся с ограниченными возможностями здоровья в образовательных учреждениях | D68: =D69 -> 289.1 | F68: =F69 -> 289.1 | G68: =G69 -> 168.1 | I68: =I69 -> 168.1 | J68: =J69 -> 168.1
B69: 600 | C69: Предоставление субсидий бюджетным, автономным учреждениям и иным некоммерческим организациям | D69: =168.1+121 -> 289.1 | F69: =168.1+121 -> 289.1 | G69: 168.1 | I69: 168.1 | J69: 168.1
A70: 02 1 10 2H420 | C70: Оснащение муниципальных образовательных организаций оборудованием, средствами обучения и воспитания | D70: =D71 -> 350 | F70: =F71 -> 350 | G70: 0 | I70: 0 | J70: 0
B71: 600 | C71: Предоставление субсидий бюджетным, автономным учреждениям и иным некоммерческим организациям | D71: =D72+D73 -> 350 | F71: =F72+F73 -> 350 | G71: 0 | I71: 0 | J71: 0
C72: за счет краевого бюджета | D72: 350 | F72: 350 | G72: 0 | I72: 0 | J72: 0
C73: за счет местного бюджета | D73: 0 | F73: 0 | G73: 0 | I73: 0 | J73: 0
A74: 02 2 00 00000 | C74: Подпрограмма "Общее (начальное, основное, среднее) образование" | D74: =D75+D84+D99 -> 359466.55 | E74: =E75+E84+E99 -> -462.2 | F74: =F75+F84+F99 -> 359004.35 | G74: =G75+G84+G99 -> 352064.09 | I74: =I75+I84+I99 -> 352064.09 | J74: =J75+J84+J99 -> 344518.68
A75: 02 2 10 00000 | C75: Основное мероприятие "Оказание услуг на получение общедоступного бесплатного начального общего, основного общего, среднего общего образования" | D75: =D76+D78+D80 -> 308386.83 | E75: =E76+E78+E80 -> -889.7 | F75: =F76+F78+F80 -> 307497.13 | G75: =G76+G78+G80 -> 302580.33 | I75: =I76+I78+I80 -> 302580.33 | J75: =J76+J78+J80 -> 295945.79
A76: 02 2 10 00150 | C76: Оказание услуг в сфере общего образования в рамках полномочий Юсьвинского муниципального округа Пермского края | D76: =D77 -> 38014.1 | E76: =E77 -> -889.7 | F76: =F77 -> 37124.4 | G76: =G77 -> 38014.1 | I76: =I77 -> 38014.1 | J76: =J77 -> 38014.1
B77: 600 | C77: Предоставление субсидий бюджетным, автономным учреждениям и иным некоммерческим организациям | D77: 38014.1 | E77: -889.7 | F77: 37124.4 | G77: 38014.1 | I77: 38014.1 | J77: 38014.1
A78: 02 2 10 2Н021 | C78: Предоставление государственных гарантий на получение общедоступного бесплатного дошкольного, начального, основного, среднего общего образования, а также дополнительного образования в общеобразовательных организациях | D78: =D79 -> 260129.93 | F78: =F79 -> 260129.93 | G78: =G79 -> 254323.43 | I78: =I79 -> 254323.43 | J78: =J79 -> 247688.89
B79: 600 | C79: Предоставление субсидий бюджетным, автономным учреждениям и иным некоммерческим организациям | D79: 260129.93 | F79: 260129.93 | G79: 254323.43 | I79: 254323.43 | J79: 247688.89
A80: 02 2 10 SH040 | C80: Организация предоставления общедоступного и бесплатного дошкольного, начального, основного общего образования для обучающихся с ограниченными возможностями здоровья в отдельных муниципальных образовательных учреждениях, осуществляющих образовательную деятельность по адаптированным основным образовательным программам | D80: =D81 -> 10242.8 | F80: =F81 -> 10242.8 | G80: =G81 -> 10242.8 | I80: =I81 -> 10242.8 | J80: =J81 -> 10242.8
B81: 600 | C81: Предоставление субсидий бюджетным, автономным учреждениям и иным некоммерческим организациям | D81: =D82+D83 -> 10242.8 | F81: =F82+F83 -> 10242.8 | G81: =G82+G83 -> 10242.8 | I81: =I82+I83 -> 10242.8 | J81: =J82+J83 -> 10242.8
C82: за счет краевого бюджета | D82: 9474.6 | F82: 9474.6 | G82: 9474.6 | I82: 9474.6 | J82: 9474.6
C83: за счет местного бюджета | D83: 768.2 | F83: 768.2 | G83: 768.2 | I83: 768.2 | J83: 768.2
A84: 02 2 20 00000 | C84: Основное мероприятие "Предоставление государственных гарантий на общедоступное и бесплатное начальное общее , основное общее, среднее (полное) образование" | D84: =D85+D87+D89+D91+D93+D95+D97 -> 28776.9 | E84: =E85+E87+E89+E91+E93+E95+E97 -> 427.5 | F84: =F85+F87+F89+F91+F93+F95+F97 -> 29204.4 | G84: =G85+G87+G89+G91+G93+G95+G97 -> 27237.7 | I84: =I85+I87+I89+I91+I93+I95+I97 -> 27237.7 | J84: =J85+J87+J89+J91+J93+J95+J97 -> 26320.8
A85: 02 2 20 4Н010 | C85: Обеспечение бесплатного проезда обучающихся до места обучения и обратно | D85: =D86 -> 7277.9 | E85: =E86 -> 295.3 | F85: =F86 -> 7573.2 | G85: =G86 -> 7208.4 | I85: =I86 -> 7208.4 | J85: =J86 -> 7277.9
B86: 600 | C86: Предоставление субсидий бюджетным, автономным учреждениям и иным некоммерческим организациям | D86: 7277.9 | E86: 295.3 | F86: =D86+295.3 -> 7573.2 | G86: 7208.4 | I86: 7208.4 | J86: 7277.9
A87: 02 2 20 4Н020 | C87: Обеспечение бесплатным питанием обучающихся с ограниченными возможностями здоровья в образовательных учреждениях | D87: =D88 -> 1502.2 | E87: =E88 -> 132.2 | F87: =F88 -> 1634.4 | G87: =G88 -> 1451 | I87: =I88 -> 1451 | J87: =J88 -> 1451
B88: 600 | C88: Предоставление субсидий бюджетным, автономным учреждениям и иным некоммерческим организациям | D88: 1502.2 | E88: 132.2 | F88: =1502.2+132.2 -> 1634.4 | G88: 1451 | I88: 1451 | J88: 1451
A89: 02 2 20 4Н030 | C89: Обеспечение доступности качественного образования учащимся общеобразовательных учреждений из отдаленных населенных пунктов округа | D89: =D90 -> 446.3 | F89: =F90 -> 446.3 | G89: =G90 -> 446.3 | I89: =I90 -> 446.3 | J89: =J90 -> 446.3
B90: 600 | C90: Предоставление субсидий бюджетным, автономным учреждениям и иным некоммерческим организациям | D90: 446.3 | F90: 446.3 | G90: 446.3 | I90: 446.3 | J90: 446.3
A91: 02 2 20 4Н040 | C91: Организация подвоза питания для обучающихся (воспитанников) структурных подразделений образовательных учреждений | D91: =D92 -> 105 | F91: =F92 -> 105 | G91: =G92 -> 105 | I91: =I92 -> 105 | J91: =J92 -> 105
B92: 600 | C92: Предоставление субсидий бюджетным, автономным учреждениям и иным некоммерческим организациям | D92: 105 | F92: 105 | G92: 105 | I92: 105 | J92: 105
A93: 02 2 20 2Н025 | C93: Обеспечение питанием обучающихся из многодетных семей, нуждающихся в мерах социальной поддержки | D93: =D94 -> 4249.5 | F93: =F94 -> 4249.5 | G93: =G94 -> 3853.7 | I93: =I94 -> 3853.7 | J93: =J94 -> 3853.7
B94: 600 | C94: Предоставление субсидий бюджетным, автономным учреждениям и иным некоммерческим организациям | D94: 4249.5 | F94: 4249.5 | G94: 3853.7 | I94: 3853.7 | J94: 3853.7
A95: 02 2 20 2Н026 | C95: Обеспечение питанием обучающихся из семей, нуждающихся в мерах социальной поддержки | D95: =D96 -> 2895.5 | F95: =F96 -> 2895.5 | G95: =G96 -> 2541.3 | I95: =I96 -> 2541.3 | J95: =J96 -> 2541.3
B96: 600 | C96: Предоставление субсидий бюджетным, автономным учреждениям и иным некоммерческим организациям | D96: 2895.5 | F96: 2895.5 | G96: 2541.3 | I96: 2541.3 | J96: 2541.3
A97: 02 2 20 L3040 | C97: Организация бесплатного горячего питания обучающихся, получающих начальное общее образование в муниципальных образовательных организациях | D97: =D98 -> 12300.5 | F97: =F98 -> 12300.5 | G97: =G98 -> 11632 | I97: =I98 -> 11632 | J97: =J98 -> 10645.6
B98: 600 | C98: Предоставление субсидий бюджетным, автономным учреждениям и иным некоммерческим организациям | D98: 12300.5 | F98: 12300.5 | G98: 11632 | I98: 11632 | J98: 10645.6
A99: 02 2 Ю6 00000 | C99: Основное мероприятие "Региональный проект "Педагоги и наставники (Пермский край)" | D99: =D100+D102+D104 -> 22302.827 | F99: =F100+F102+F104 -> 22302.827 | G99: =G100+G102+G104 -> 22246.061 | I99: =I100+I102+I104 -> 22246.061 | J99: =J100+J102+J104 -> 22252.099
A100: 02 2 Ю6 51790 | C100: Обеспечение деятельности советников директора по воспитанию и взаимодействию с детскими общественными объединениями в общеобразовательных организациях | D100: =D101 -> 416.9269 | F100: =F101 -> 416.9269 | G100: =G101 -> 540.3611 | I100: =I101 -> 540.3611 | J100: =J101 -> 546.7988
...

Sheet Приложение 2
K1: Приложение 2
K2: к решению Думы Юсьвинского
K3: муниципального округа
K4: Пермского края
K5: от 16.09.2026 № 207
A7: Ведомственная структура расходов Юсьвинского муниципального округа Пермского края на 2026 год и на плановый период 2027-2028 годы
A9: Ведомство | B9: Раздел, подраздел | C9: Целевая статья | D9: Вид расходов | E9: Направление расходов (отрасль) | F9: 2026 год | H9: 2026 год | I9: 2027 год | K9: 2027 год | L9: 2028 год | N9: 2028 год
F10: утверждено | H10: утверждено | I10: утверждено | K10: утверждено | L10: утверждено | N10: проект
A11: 601 | E11: Администрация Юсьвинского муниципального округа Пермского края | F11: =F12+F107+F116+F171+F295+F451+F467+F441+F519 -> 689234.56 | G11: =G12+G107+G116+G171+G295+G451+G467+G441+G519 -> 3634.2042 | H11: =H12+H107+H116+H171+H295+H451+H467+H441+H519 -> 692868.77 | I11: =I12+I107+I116+I171+I295+I451+I467+I441+I519 -> 295082.9 | J11: =J12+J107+J116+J171+J295+J451+J467+J441+J519 -> 1150.9306 | K11: =K12+K107+K116+K171+K295+K451+K467+K441+K519 -> 296233.83 | L11: =L12+L107+L116+L171+L295+L451+L467+L441+L519 -> 301550.06 | N11: =N12+N107+N116+N171+N295+N451+N467+N441+N519 -> 301550.06
B12: 0100 | E12: Общегосударственные вопросы | F12: =F13+F20+F54+F61 -> 125647.66 | G12: =G13+G20+G54+G61 -> 384.7 | H12: =H13+H20+H54+H61 -> 126032.36 | I12: =I13+I20+I54+I61 -> 113064.71 | J12: =J13+J20+J54+J61 -> 844.3 | K12: =K13+K20+K54+K61 -> 113909.01 | L12: =L13+L20+L54+L61 -> 115835 | N12: =N13+N20+N54+N61 -> 115835
B13: 0102 | E13: Функционирование высшего должностного лица субъекта Российской Федерации и муниципального образования | F13: =F14 -> 4063.9 | H13: =H14 -> 4063.9 | I13: =I14 -> 4238.1 | K13: =K14 -> 4238.1 | L13: =L14 -> 4238.1 | N13: =N14 -> 4238.1
C14: 00 0 00 00000 | E14: Муниципальные программы Юсьвинского муниципального округа Пермского края | F14: =F15 -> 4063.9 | H14: =H15 -> 4063.9 | I14: =I15 -> 4238.1 | K14: =K15 -> 4238.1 | L14: =L15 -> 4238.1 | N14: =N15 -> 4238.1
C15: 01 0 00 00000 | E15: Муниципальная программа "Муниципальное управление в Юсьвинском муниципальном округе Пермского края" | F15: =F16 -> 4063.9 | H15: =H16 -> 4063.9 | I15: =I16 -> 4238.1 | K15: =K16 -> 4238.1 | L15: =L16 -> 4238.1 | N15: =N16 -> 4238.1
C16: 01 2 00 00000 | E16: Подпрограмма "Организация деятельности по реализации вопросов местного значения Юсьвинского муниципального округа Пермского края" | F16: =F17 -> 4063.9 | H16: =H17 -> 4063.9 | I16: =I17 -> 4238.1 | K16: =K17 -> 4238.1 | L16: =L17 -> 4238.1 | N16: =N17 -> 4238.1
C17: 01 2 10 00000 | E17: Основное мероприятие "Обеспечение исполнения администрацией Юсьвинского муниципального округа вопросов местного значения, предусмотренных законом РФ № 131-ФЗ" | F17: =F18 -> 4063.9 | H17: =H18 -> 4063.9 | I17: =I18 -> 4238.1 | K17: =K18 -> 4238.1 | L17: =L18 -> 4238.1 | N17: =N18 -> 4238.1
C18: 01 2 10 4У060 | E18: Обеспечение выполнения функций главы муниципального округа - главы администрации Юсьвинского муниципального округа Пермского края | F18: =F19 -> 4063.9 | H18: =H19 -> 4063.9 | I18: =I19 -> 4238.1 | K18: =K19 -> 4238.1 | L18: =L19 -> 4238.1 | N18: =N19 -> 4238.1
D19: 100 | E19: Расходы на выплаты персоналу в целях обеспечения выполнения функций государственными (муниципальными) органами, казенными учреждениями, органами управления государственными внебюджетными фондами | F19: 4063.9 | H19: 4063.9 | I19: 4238.1 | K19: 4238.1 | L19: 4238.1 | N19: 4238.1
B20: 0104 | E20: Функционирование Правительства Российской Федерации, высших исполнительных органов государственной власти субъектов Российской Федерации, местных администраций | F20: =F21+F48 -> 62251.1 | H20: =H21+H48 -> 62251.1 | I20: =I21+I48 -> 64207.5 | K20: =K21+K48 -> 64207.5 | L20: =L21+L48 -> 64334.3 | N20: =N21+N48 -> 64334.3
C21: 00 0 00 00000 | E21: Муниципальные программы Юсьвинского муниципального округа Пермского края | F21: =F22+F43 -> 62108.8 | H21: =H22+H43 -> 62108.8 | I21: =I22+I43 -> 64201.1 | K21: =K22+K43 -> 64201.1 | L21: =L22+L43 -> 64327.9 | N21: =N22+N43 -> 64327.9
C22: 01 0 00 00000 | E22: Муниципальная программа "Муниципальное управления в Юсьвинском муниципальном округе Пермского края" | F22: =F23+F28 -> 62009.6 | H22: =H23+H28 -> 62009.6 | I22: =I23+I28 -> 64099.2 | K22: =K23+K28 -> 64099.2 | L22: =L23+L28 -> 64226 | N22: =N23+N28 -> 64226
C23: 01 2 00 00000 | E23: Подпрограмма "Организация деятельности по реализации вопросов местного значения Юсьвинского муниципального округа Пермского края" | F23: =F24 -> 59720.6 | H23: =H24 -> 59720.6 | I23: =I24 -> 61750.9 | K23: =K24 -> 61750.9 | L23: =L24 -> 61877.7 | N23: =N24 -> 61877.7
C24: 01 2 10 00000 | E24: Основное мероприятие "Обеспечение исполнения администрацией Юсьвинского муниципального округа вопросов местного значения, предусмотренных законом РФ № 131-ФЗ" | F24: =F25 -> 59720.6 | H24: =H25 -> 59720.6 | I24: =I25 -> 61750.9 | K24: =K25 -> 61750.9 | L24: =L25 -> 61877.7 | N24: =N25 -> 61877.7
C25: 01 2 10 4У070 | E25: Обеспечение выполнения функций администрации Юсьвинского муниципального округа и её структурных подразделений | F25: =F26+F27 -> 59720.6 | H25: =H26+H27 -> 59720.6 | I25: =I26+I27 -> 61750.9 | K25: =K26+K27 -> 61750.9 | L25: =L26+L27 -> 61877.7 | N25: =N26+N27 -> 61877.7
D26: 100 | E26: Расходы на выплаты персоналу в целях обеспечения выполнения функций государственными (муниципальными) органами, казенными учреждениями, органами управления государственными внебюджетными фондами | F26: 56891.2 | H26: 56891.2 | I26: 59392.4 | K26: 59392.4 | L26: 59392.4 | N26: 59392.4
D27: 200 | E27: Закупка товаров, работ и услуг для обеспечения государственных (муниципальных) нужд | F27: =2450.2+350+29.2 -> 2829.4 | H27: =2450.2+350+29.2 -> 2829.4 | I27: 2358.5 | K27: 2358.5 | L27: 2485.3 | N27: 2485.3
C28: 01 3 00 00000 | E28: Подпрограмма "Организация деятельности по осуществлению администрацией Юсьвинского муниципального округа Пермского края переданных отдельных государственных полномочий" | F28: =F29 -> 2289 | H28: =H29 -> 2289 | I28: =I29 -> 2348.3 | K28: =K29 -> 2348.3 | L28: =L29 -> 2348.3 | N28: =N29 -> 2348.3
C29: 01 3 10 00000 | E29: Основное мероприятие "Обеспечение выполнения переданных отдельных государственных полномочий" | F29: =F30+F33+F36+F38+F41 -> 2289 | H29: =H30+H33+H36+H38+H41 -> 2289 | I29: =I30+I33+I36+I38+I41 -> 2348.3 | K29: =K30+K33+K36+K38+K41 -> 2348.3 | L29: =L30+L33+L36+L38+L41 -> 2348.3 | N29: =N30+N33+N36+N38+N41 -> 2348.3
C30: 01 3 10 2С150 | E30: Образование комиссий по делам несовершеннолетних и защите их прав и организация их деятельности | F30: =SUM(F31:F32) -> 1474.7 | H30: =SUM(H31:H32) -> 1474.7 | I30: =SUM(I31:I32) -> 1513.6 | K30: =SUM(K31:K32) -> 1513.6 | L30: =SUM(L31:L32) -> 1513.6 | N30: =SUM(N31:N32) -> 1513.6
D31: 100 | E31: Расходы на выплаты персоналу в целях обеспечения выполнения функций государственными (муниципальными) органами, казенными учреждениями, органами управления государственными внебюджетными фондами | F31: 1344.2 | H31: 1344.2 | I31: 1401.9 | K31: 1401.9 | L31: 1401.9 | N31: 1401.9
D32: 200 | E32: Закупка товаров, работ и услуг для обеспечения государственных (муниципальных) нужд | F32: 130.5 | H32: 130.5 | I32: 111.7 | K32: 111.7 | L32: 111.7 | N32: 111.7
C33: 01 3 10 2В230 | E33: Обеспечение хранения, комплектования, учет и использование архивных документов государственной части архивного фонда Пермского края | F33: =SUM(F34:F35) -> 696.6 | H33: =SUM(H34:H35) -> 696.6 | I33: =SUM(I34:I35) -> 714.4 | K33: =SUM(K34:K35) -> 714.4 | L33: =SUM(L34:L35) -> 714.4 | N33: =SUM(N34:N35) -> 714.4
D34: 100 | E34: Расходы на выплаты персоналу в целях обеспечения выполнения функций государственными (муниципальными) органами, казенными учреждениями, органами управления государственными внебюджетными фондами | F34: 660.5 | H34: 660.5 | I34: 688.9 | K34: 688.9 | L34: 688.9 | N34: 688.9
D35: 200 | E35: Закупка товаров, работ и услуг для обеспечения государственных (муниципальных) нужд | F35: 36.1 | H35: 36.1 | I35: 25.5 | K35: 25.5 | L35: 25.5 | N35: 25.5
C36: 01 3 10 2П040 | E36: Составление протоколов об административных правонарушениях | F36: =F37 -> 20.9 | H36: =H37 -> 20.9 | I36: =I37 -> 20.9 | K36: =K37 -> 20.9 | L36: =L37 -> 20.9 | N36: =N37 -> 20.9
D37: 200 | E37: Закупка товаров, работ и услуг для обеспечения государственных (муниципальных) нужд | F37: 20.9 | H37: 20.9 | I37: 20.9 | K37: 20.9 | L37: 20.9 | N37: 20.9
C38: 01 3 10 2П060 | E38: Осуществление полномочий по созданию и организации деятельности административных комиссий | F38: =SUM(F39:F40) -> 79.3 | H38: =SUM(H39:H40) -> 79.3 | I38: =SUM(I39:I40) -> 81.4 | K38: =SUM(K39:K40) -> 81.4 | L38: =SUM(L39:L40) -> 81.4 | N38: =SUM(N39:N40) -> 81.4
D39: 100 | E39: Расходы на выплаты персоналу в целях обеспечения выполнения функций государственными (муниципальными) органами, казенными учреждениями, органами управления государственными внебюджетными фондами | F39: 23 | H39: 23 | I39: 24 | K39: 24 | L39: 24 | N39: 24
D40: 200 | E40: Закупка товаров, работ и услуг для обеспечения государственных (муниципальных) нужд | F40: 56.3 | H40: 56.3 | I40: 57.4 | K40: 57.4 | L40: 57.4 | N40: 57.4
C41: 01 3 10 2Т060 | E41: Осуществление полномочий по регулированию тарифов на перевозки пассажиров и багажа автомобильным и городским электрическим транспортом на муниципальных маршрутах регулярных перевозок | F41: =F42 -> 17.5 | H41: =H42 -> 17.5 | I41: =I42 -> 18 | K41: =K42 -> 18 | L41: =L42 -> 18 | N41: =N42 -> 18
D42: 200 | E42: Закупка товаров, работ и услуг для обеспечения государственных (муниципальных) нужд | F42: 17.5 | H42: 17.5 | I42: 18 | K42: 18 | L42: 18 | N42: 18
C43: 04 0 00 00000 | E43: Муниципальная программа "Улучшение жилищных условий граждан, проживающих в Юсьвинском муниципальном округе Пермского края" | F43: =F44 -> 99.2 | H43: =H44 -> 99.2 | I43: =I44 -> 101.9 | K43: =K44 -> 101.9 | L43: =L44 -> 101.9 | N43: =N44 -> 101.9
C44: 04 0 30 00000 | E44: Основное мероприятие "Обеспечение жильем детей- сирот и детей, оставшихся без попечения родителей, лиц из числа детей-сирот и детей, оставшихся без попечения родителей" | F44: =F45 -> 99.2 | H44: =H45 -> 99.2 | I44: =I45 -> 101.9 | K44: =K45 -> 101.9 | L44: =L45 -> 101.9 | N44: =N45 -> 101.9
C45: 04 0 30 2С090 | E45: Организация осуществления государственных полномочий по обеспечению жилыми помещениями детей-сирот и детей, оставшихся без попечения родителей, лиц из их числа детей-сирот и детей, оставшихся без попечения родителей | F45: =F46+F47 -> 99.2 | H45: =H46+H47 -> 99.2 | I45: =I46+I47 -> 101.9 | K45: =K46+K47 -> 101.9 | L45: =L46+L47 -> 101.9 | N45: =N46+N47 -> 101.9
D46: 100 | E46: Расходы на выплаты персоналу в целях обеспечения выполнения функций государственными (муниципальными) органами, казенными учреждениями, органами управления государственными внебюджетными фондами | F46: 79.5 | H46: 79.5 | I46: 82.9 | K46: 82.9 | L46: 82.9 | N46: 82.9
D47: 200 | E47: Закупка товаров, работ и услуг для обеспечения государственных (муниципальных) нужд | F47: 19.7 | H47: 19.7 | I47: 19 | K47: 19 | L47: 19 | N47: 19
C48: 90 0 00 00000 | E48: Непрограммные мероприятия | F48: =F49 -> 142.3 | H48: =H49 -> 142.3 | I48: =I49 -> 6.4 | K48: =K49 -> 6.4 | L48: =L49 -> 6.4 | N48: =N49 -> 6.4
C49: 92 0 00 00000 | E49: Мероприятия, осуществляемые органами местного самоуправления Юсьвинского муниципального округа в рамках непрограммных направлений | F49: =F50+F52 -> 142.3 | H49: =H50+H52 -> 142.3 | I49: =I50 -> 6.4 | K49: =K50 -> 6.4 | L49: =L50 -> 6.4 | N49: =N50 -> 6.4
C50: 92 0 00 2У100 | E50: Администрирование государственных полномочий по организации мероприятий при осуществлении деятельности по обращению с животными без владельцев | F50: =F51 -> 6.3 | H50: =H51 -> 6.3 | I50: =I51 -> 6.4 | K50: =K51 -> 6.4 | L50: =L51 -> 6.4 | N50: =N51 -> 6.4
D51: 200 | E51: Закупка товаров, работ и услуг для обеспечения государственных (муниципальных) нужд | F51: 6.3 | H51: 6.3 | I51: 6.4 | K51: 6.4 | L51: 6.4 | N51: 6.4
C52: 92 0 00 00290 | E52: Обучение по программе "Эффективная реализация стратегических инвестиционно-строительных проектов 2.0" | F52: 136 | H52: 136 | I52: 0 | K52: 0 | L52: 0 | N52: 0
D53: 200 | E53: Закупка товаров, работ и услуг для обеспечения государственных (муниципальных) нужд | F53: 136 | H53: 136 | I53: 0 | K53: 0 | L53: 0 | N53: 0
B54: 0105 | E54: Судебная система | F54: =F55 -> 34.9 | H54: =H55 -> 34.9 | I54: =I55 -> 1.7 | K54: =K55 -> 1.7 | L54: =L55 -> 1.9 | N54: =N55 -> 1.9
C55: 00 0 00 00000 | E55: Муниципальные программы Юсьвинского муниципального округа Пермского края | F55: =F56 -> 34.9 | H55: =H56 -> 34.9 | I55: =I56 -> 1.7 | K55: =K56 -> 1.7 | L55: =L56 -> 1.9 | N55: =N56 -> 1.9
C56: 01 0 00 00000 | E56: Муниципальная программа "Муниципальное управление в Юсьвинском муниципальном округе Пермского края" | F56: =F57 -> 34.9 | H56: =H57 -> 34.9 | I56: =I57 -> 1.7 | K56: =K57 -> 1.7 | L56: =L57 -> 1.9 | N56: =N57 -> 1.9
C57: 01 3 00 00000 | E57: Подпрограмма "Организация деятельности по осуществлению администрацией Юсьвинского муниципального округа переданных отдельных государственных полномочий" | F57: =F58 -> 34.9 | H57: =H58 -> 34.9 | I57: =I58 -> 1.7 | K57: =K58 -> 1.7 | L57: =L58 -> 1.9 | N57: =N58 -> 1.9
C58: 01 3 10 00000 | E58: Основное мероприятие "Обеспечение выполнения переданных государственных полномочий" | F58: =F59 -> 34.9 | H58: =H59 -> 34.9 | I58: =I59 -> 1.7 | K58: =K59 -> 1.7 | L58: =L59 -> 1.9 | N58: =N59 -> 1.9
C59: 01 3 10 51200 | E59: Осуществление полномочий по составлению (изменению, дополнению) списков кандидатов в присяжные заседатели федеральных судов общей юрисдикции в Российской Федерации | F59: =F60 -> 34.9 | H59: =H60 -> 34.9 | I59: =I60 -> 1.7 | K59: =K60 -> 1.7 | L59: =L60 -> 1.9 | N59: =N60 -> 1.9
D60: 200 | E60: Закупка товаров, работ и услуг для обеспечения государственных (муниципальных) нужд | F60: 34.9 | H60: 34.9 | I60: 1.7 | K60: 1.7 | L60: 1.9 | N60: 1.9
B61: 0113 | E61: Другие общегосударственные расходы | F61: =F62+F87 -> 59297.762 | G61: =G62+G87 -> 384.7 | H61: =H62+H87 -> 59682.462 | I61: =I62+I87 -> 44617.408 | J61: =J62+J87 -> 844.3 | K61: =K62+K87 -> 45461.708 | L61: =L62+L87 -> 47260.7 | N61: =N62+N87 -> 47260.7
C62: 00 0 00 00000 | E62: Муниципальные программы Юсьвинского муниципального округа Пермского края | F62: =F63+F81 -> 9502.4623 | H62: =H63+H81 -> 9502.4623 | I62: =I63+I81 -> 1383.2078 | J62: =J63+J81 -> 0 | K62: =K63+K81 -> 1383.2078 | L62: =L63+L81 -> 2102.3 | N62: =N63+N81 -> 2102.3
C63: 01 0 00 00000 | E63: Муниципальная программа "Муниципальное управление в Юсьвинском муниципальном округе Пермского края" | F63: =F64+F70+F75 -> 2138.8 | H63: =H64+H70+H75 -> 2138.8 | I63: =I64+I70+I75 -> 1336.4 | K63: =K64+K70+K75 -> 1336.4 | L63: =L64+L70+L75 -> 2102.3 | N63: =N64+N70+N75 -> 2102.3
C64: 01 1 00 00000 | E64: Подпрограмма "Формирование общедоступной информационно-коммуникационной среды" | F64: =F65 -> 687.2 | H64: =H65 -> 687.2 | I64: =I65 -> 69.4 | K64: =K65 -> 69.4 | L64: =L65 -> 615.9 | N64: =N65 -> 615.9
C65: 01 1 20 00000 | E65: Основное мероприятие "Предоставление муниципальных услуг в электронном виде" | F65: =F66+F68 -> 687.2 | H65: =H66+H68 -> 687.2 | I65: =I66+I68 -> 69.4 | K65: =K66+K68 -> 69.4 | L65: =L66+L68 -> 615.9 | N65: =N66+N68 -> 615.9
C66: 01 1 20 4У020 | E66: Обеспечение, сопровождение информационных систем, приобретение компьютерной оргтехники в целях автоматизации административно-управленческих процессов при выполнении функций администрации Юсьвинского муниципального округа Пермского края | F66: =F67 -> 610.7 | H66: =H67 -> 610.7 | I66: =I67 -> 0 | K66: =K67 -> 0 | L66: =L67 -> 539.4 | N66: =N67 -> 539.4
D67: 200 | E67: Закупка товаров, работ и услуг для обеспечения государственных (муниципальных) нужд | F67: 610.7 | H67: 610.7 | I67: 0 | K67: 0 | L67: 539.4 | N67: 539.4
C68: 01 1 20 4У040 | E68: Обеспечение функционирования официального сайта администрации Юсьвинского муниципального округа Пермского края | F68: =F69 -> 76.5 | H68: =H69 -> 76.5 | I68: =I69 -> 69.4 | K68: =K69 -> 69.4 | L68: =L69 -> 76.5 | N68: =N69 -> 76.5
D69: 200 | E69: Закупка товаров, работ и услуг для обеспечения государственных (муниципальных) нужд | F69: 76.5 | H69: 76.5 | I69: 69.4 | K69: 69.4 | L69: 76.5 | N69: 76.5
C70: 01 3 00 00000 | E70: Подпрограмма "Организация деятельности по осуществлению администрацией Юсьвинского муниципального округа Пермского края переданных отдельных государственных полномочий" | F70: =F71 -> 1232.2 | H70: =H71 -> 1232.2 | I70: =I71 -> 1267 | K70: =K71 -> 1267 | L70: =L71 -> 1267 | N70: =N71 -> 1267
C71: 01 3 10 00000 | E71: Основное мероприятие "Обеспечение выполнения переданных отдельных государственных полномочий" | F71: =F72 -> 1232.2 | H71: =H72 -> 1232.2 | I71: =I72 -> 1267 | K71: =K72 -> 1267 | L71: =L72 -> 1267 | N71: =N72 -> 1267
C72: 01 3 10 59300 | E72: Государственная регистрация актов гражданского состояния | F72: =SUM(F73+F74) -> 1232.2 | H72: =SUM(H73+H74) -> 1232.2 | I72: =SUM(I73+I74) -> 1267 | K72: =SUM(K73+K74) -> 1267 | L72: =SUM(L73+L74) -> 1267 | N72: =SUM(N73+N74) -> 1267
D73: 100 | E73: Расходы на выплаты персоналу в целях обеспечения выполнения функций государственными (муниципальными) органами, казенными учреждениями, органами управления государственными внебюджетными фондами | F73: 1148.2 | H73: 1148.2 | I73: 1197.5 | K73: 1197.5 | L73: 1197.5 | N73: 1197.5
D74: 200 | E74: Закупка товаров, работ и услуг для обеспечения государственных (муниципальных) нужд | F74: 84 | H74: 84 | I74: 69.5 | K74: 69.5 | L74: 69.5 | N74: 69.5
C75: 01 5 00 00000 | E75: Подпрограмма "Формирование позитивного имиджа Юсьвинского муниципального округа Пермского края" | F75: =F76 -> 219.4 | H75: =H76 -> 219.4 | I75: =I76 -> 0 | K75: =K76 -> 0 | L75: =L76 -> 219.4 | N75: =N76 -> 219.4
C76: 01 5 10 00000 | E76: Основное мероприятие "Формирование позитивного имиджа Юсьвинского муниципального округа Пермского края" | F76: =F77+F79 -> 219.4 | H76: =H77+H79 -> 219.4 | I76: =I77+I79 -> 0 | K76: =K77+K79 -> 0 | L76: =L77+L79 -> 219.4 | N76: =N77+N79 -> 219.4
C77: 01 5 10 4У092 | E77: Изготовление печатной продукции | F77: =F78 -> 97.8 | H77: =H78 -> 97.8 | I77: =I78 -> 0 | K77: =K78 -> 0 | L77: =L78 -> 97.8 | N77: =N78 -> 97.8
D78: 200 | E78: Закупка товаров, работ и услуг для обеспечения государственных (муниципальных) нужд | F78: 97.8 | H78: 97.8 | I78: 0 | K78: 0 | L78: 97.8 | N78: 97.8
C79: 01 5 10 4У093 | E79: Размещение информации о деятельности органов местного самоуправления Юсьвинского муниципального округа Пермского края, социально-экономическом и культурном развитии в СМИ | F79: =F80 -> 121.6 | H79: =H80 -> 121.6 | I79: =I80 -> 0 | K79: =K80 -> 0 | L79: =L80 -> 121.6 | N79: =N80 -> 121.6
D80: 200 | E80: Закупка товаров, работ и услуг для обеспечения государственных (муниципальных) нужд | F80: 121.6 | H80: 121.6 | I80: 0 | K80: 0 | L80: 121.6 | N80: 121.6
C81: 05 0 00 00000 | E81: Муниципальная программа "Управление муниципальным имуществом Юсьвинского муниципального округа Пермского края" | F81: =F82 -> 7363.6623 | H81: =H82 -> 7363.6623 | I81: =I82 -> 46.80778 | K81: =K82 -> 46.80778 | L81: =L82 -> 0 | N81: =N82 -> 0
C82: 05 0 10 00000 | E82: Основное мероприятие "Оптимизация состава, содержание и ремонт муниципального имущества Юсьвинского муниципального округа Пермского края" | F82: =F83 -> 7363.6623 | H82: =H83 -> 7363.6623 | I82: =I83 -> 46.80778 | K82: =K83 -> 46.80778 | L82: =L83 -> 0 | N82: =N83 -> 0
C83: 05 0 10 SP250 | E83: Снос расселенных жилых домов и нежилых зданий (сооружений), расположенных на территории муниципальных образований Пермского края (софинансируемые расходы) | F83: =F84 -> 7363.6623 | H83: =H84 -> 7363.6623 | I83: =I84 -> 46.80778 | K83: =K84 -> 46.80778 | L83: =L84 -> 0 | N83: =N84 -> 0
D84: 200 | E84: Закупка товаров, работ и услуг для обеспечения государственных (муниципальных) нужд | F84: =F86+F85 -> 7363.6623 | H84: =H86+H85 -> 7363.6623 | I84: =I86 -> 46.80778 | K84: =K86 -> 46.80778 | L84: =L86 -> 0 | N84: =N86 -> 0
E85: в том числе за счет краевого бюджета | F85: 7216.389 | H85: 7216.389 | I85: 0 | K85: 0 | L85: 0 | N85: 0
E86: в том числе за счет местного бюджета | F86: 147.27327 | H86: 147.27327 | I86: 46.80778 | K86: 46.80778 | L86: 0 | N86: 0
C87: 90 0 00 00000 | E87: Непрограммные мероприятия | F87: =F88 -> 49795.3 | G87: =G88 -> 384.7 | H87: =H88 -> 50180 | I87: =I88 -> 43234.2 | J87: =J88 -> 844.3 | K87: =K88 -> 44078.5 | L87: =L88 -> 45158.4 | N87: =N88 -> 45158.4
C88: 92 0 00 00000 | E88: Мероприятия, осуществляемые органами местного самоуправления Юсьвинского муниципального округа в рамках непрограммных направлений расходов | F88: =F89+F91+F99+F101+F95+F105+F103+F97 -> 49795.3 | G88: =G89+G91+G99+G101+G95+G105+G103+G97 -> 384.7 | H88: =H89+H91+H99+H101+H95+H105+H103+H97 -> 50180 | I88: =I91+I99+I101+I95+I105 -> 43234.2 | J88: =J91+J99+J101+J95+J105 -> 844.3 | K88: =K91+K99+K101+K95+K105 -> 44078.5 | L88: =L91+L99+L101+L95+L105 -> 45158.4 | N88: =N91+N99+N101+N95+N105 -> 45158.4
C89: 92 0 00 00001 | E89: Оказание содействия избирательным комиссиям в реализации их полномочий | F89: =F90 -> 0 | G89: =G90 -> 133.5 | H89: =H90 -> 133.5 | I89: 0 | K89: 0 | L89: 0
D90: 200 | E90: Закупка товаров, работ и услуг для обеспечения государственных (муниципальных) нужд | F90: 0 | G90: 133.5 | H90: 133.5 | I90: 0 | K90: 0 | L90: 0
C91: 92 0 00 00220 | E91: Обеспечение деятельности муниципального казенного учреждения «Единый сервисный центр» | F91: =F92+F93+F94 -> 46886.3 | G91: =G92+G93+G94 -> 226.2 | H91: =H92+H93+H94 -> 47112.5 | I91: =I92+I93+I94 -> 43234.2 | J91: =J92+J93+J94 -> 844.3 | K91: =K92+K93+K94 -> 44078.5 | L91: =L92+L93+L94 -> 44558.4 | N91: =N92+N93+N94 -> 44558.4
D92: 100 | E92: Расходы на выплаты персоналу в целях обеспечения выполнения функций государственными (муниципальными) органами, казенными учреждениями, органами управления государственными внебюджетными фондами | F92: 22909.4 | H92: 22909.4 | I92: 22967.1 | K92: 22967.1 | L92: 22967.1 | N92: 22967.1
D93: 200 | E93: Закупка товаров, работ и услуг для обеспечения государственных (муниципальных) нужд | F93: 23564.8 | G93: =68.2+158 -> 226.2 | H93: 23791 | I93: 19855 | J93: 844.3 | K93: 20699.3 | L93: 21179.2 | N93: 21179.2
D94: 800 | E94: Иные бюджетные ассигнования | F94: 412.1 | H94: 412.1 | I94: 412.1 | K94: 412.1 | L94: 412.1 | N94: 412.1
C95: 92 0 00 00221 | E95: Подготовка котельных к отопительному сезону | F95: =F96 -> 1105.6 | H95: =H96 -> 1105.6 | I95: 0 | K95: 0 | L95: 0 | N95: 0
D96: 200 | E96: Закупка товаров, работ и услуг для обеспечения государственных (муниципальных) нужд | F96: 1105.6 | H96: 1105.6 | I96: =1243.6-1243.6 -> 0 | K96: =1243.6-1243.6 -> 0 | L96: =1243.6-1243.6 -> 0 | N96: =1243.6-1243.6 -> 0
C97: 92 0 00 00230 | E97: Исполнение решений судов, вступивших в законную силу, и оплата государственной пошлины | F97: =F98 -> 228.4 | G97: =G98 -> 25 | H97: =H98 -> 253.4 | I97: 0 | K97: 0 | L97: 0 | N97: 0
D98: 800 | E98: Иные бюджетные ассигнования | F98: 228.4 | G98: =25 -> 25 | H98: 253.4 | I98: 0 | K98: 0 | L98: 0 | N98: 0
C99: 92 0 00 00260 | E99: Представительские расходы и иные расходы, связанные с представительской деятельностью органов местного самоуправления | F99: =F100 -> 300 | H99: =H100 -> 300 | I99: =I100 -> 0 | K99: =K100 -> 0 | L99: =L100 -> 300 | N99: =N100 -> 300
D100: 200 | E100: Закупка товаров, работ и услуг для обеспечения государственных (муниципальных) нужд | F100: 300 | H100: 300 | I100: 0 | K100: 0 | L100: 300 | N100: 300
C101: 92 0 00 00270 | E101: Расходы на уплату членского взноса в Совет муниципальных образований | F101: =F102 -> 375 | H101: =H102 -> 375 | I101: =I102 -> 0 | K101: =K102 -> 0 | L101: =L102 -> 0 | N101: =N102 -> 0
D102: 800 | E102: Иные бюджетные ассигнования | F102: 375 | H102: 375 | I102: 0 | K102: 0 | L102: 0 | N102: 0
...

Sheet Приложение 4
K1: Приложение 4
K2: к решению Думы Юсьвинского
K3: муниципального округа
K4: Пермского края
K5: от 16.09.2026 № 207
A7: Распределение средств дорожного фонда Юсьвинского муниципального округа Пермского края на 2026 год и на плановый период 2027-2028 годы
A9: Остаток неиспользованных средств дорожного фонда по состоянию на 01.01.2026, тыс. рублей | E9: 25.7
A11: 1. Доходы
A13: № п/п | B13: Наименование доходов | C13: Сумма (тыс.руб.)
C15: 2026 год | D15: в том числе | G15: 2027 год | H15: в том числе | K15: 2028 год | L15: в том числе
D16: средства федерального бюджета | E16: средства краевого бюджета | F16: средства местного бюджета | H16: средства федерального бюджета | I16: средства краевого бюджета | J16: средства местного бюджета | L16: средства краевого бюджета | M16: средства местного бюджета
A17: 1. | B17: Доходы для определения объема дорожного фонда, всего | C17: =SUM(C19:C23) -> 348948.03 | D17: =SUM(D19:D23) -> 250527.88 | E17: =SUM(E19:E23) -> 36981.661 | F17: =SUM(F19:F23) -> 61438.496 | G17: =SUM(G19:G23) -> 59660.865 | H17: =SUM(H19:H23) -> 0 | I17: =SUM(I19:I23) -> 24154.7 | J17: =SUM(J19:J23) -> 35506.165 | ... M17: =SUM(M19:M23) -> 37096.9
B18: в том числе:
A19: 1.1. | B19: акцизы на автомобильный бензин, прямогонный бензин, дизельное топливо, моторные масла для дизельных и (или) карбюраторных (инжекторных) двигателей, производимые на территории Российской Федерации, подлежащие зачислению в местный бюджет | C19: =SUM(E19:F19) -> 27676.7 | D19: 0 | E19: 0 | F19: 27676.7 | G19: =SUM(I19:J19) -> 28240.9 | H19: 0 | I19: 0 | J19: 28240.9 | K19: =SUM(L19:M19) -> 28994.1 | L19: =I19-E19 -> 0 | M19: 28994.1
A20: 1.2. | B20: субсидии на проектирование, строительство (реконструкция), капитальный ремонт и ремонт автомобильных дорог общего пользования местного значения, находящихся на территории Пермского края | C20: =SUM(E20:F20) -> 24383 | D20: 0 | E20: 24383 | F20: 0 | G20: =SUM(I20:J20) -> 24154.7 | H20: 0 | I20: 24154.7 | J20: 0 | K20: =SUM(L20:M20) -> 24154.7 | L20: 24154.7 | M20: =J20-F20 -> 0
A21: 1.3. | B21: Субсидии бюджетам муниципальных округов на приведение в нормативное состояние автомобильных дорог и искусственных дорожных сооружений | C21: =SUM(D21:F21) -> 260966.54 | D21: 250527.88 | E21: 10438.661 | F21: 0 | G21: =SUM(H21:J21) -> 0 | H21: 0 | I21: 0 | J21: 0 | K21: =SUM(L21:M21) -> 0 | L21: 0 | M21: 0
A22: 1.4. | B22: Субсидии бюджетам муниципальных образований на реализацию мероприятия по направлению «Школьная остановка» регионального проекта «Комфортный край» | C22: =SUM(D22:F22) -> 2160 | E22: 2160 | G22: =SUM(H22:J22) -> 0 | K22: =SUM(L22:M22) -> 0
A23: 1.5. | B23: Дотации на выравнивание бюджетной обеспеченности | C23: =F23 -> 33761.796 | D23: 0 | E23: 0 | F23: =F31-F19-25.7 -> 33761.796 | G23: =SUM(I23:J23) -> 7265.2652 | H23: 0 | I23: 0 | J23: =J31-J19 -> 7265.2652 | K23: =SUM(L23:M23) -> 8102.8 | L23: =I23-E23 -> 0 | M23: =M31-M19 -> 8102.8
A25: 2.Расходы
A27: № п/п | B27: Наименование направлений расходов | C27: Сумма (тыс.руб.)
C29: 2026 год | D29: в том числе | G29: 2027 год | H29: в том числе | K29: 2028 год | L29: в том числе
D30: средства федерального бюджета | E30: средства краевого бюджета | F30: средства местного бюджета | H30: средства федерального бюджета | I30: средства краевого бюджета | J30: средства местного бюджета | L30: средства краевого бюджета | M30: средства местного бюджета
A31: 1. | B31: Муниципальная программа "Развитие транспортной системы Юсьвинского муниципального округа Пермского края", в том числе: | C31: =C32+C99 -> 348973.73 | D31: =D32+D99 -> 250527.88 | E31: =E32+E99 -> 36981.661 | F31: =F32+F99 -> 61464.196 | G31: =G32+G99 -> 59660.865 | H31: =H32+H99 -> 0 | I31: =I32+I99 -> 24154.7 | J31: =J32+J99 -> 35506.165 | ... M31: =M32+M99 -> 37096.9 | N31: =C31-C17 -> 25.7
A32: 1.1. | B32: Подпрограмма «Развитие и совершенствование автомобильных дорог Юсьвинского муниципального округа» | C32: =C33+C38+C88+C90+C35+C95 -> 345036.73 | D32: =D33+D38+D88+D90+D35 -> 250527.88 | E32: =E33+E38+E88+E90+E35 -> 34821.661 | F32: =F33+F38+F88+F90+F35+F95 -> 59687.196 | G32: =G33+G38+G88+G90+G35 -> 59660.865 | H32: =H33+H38+H88+H90+H35 -> 0 | I32: =I33+I38+I88+I90+I35 -> 24154.7 | J32: =J33+J38+J88+J90+J35 -> 35506.165 | K32: =K33+K38+K88+K90+K35 -> 61251.6 | L32: =L33+L38+L88+L90+L35 -> 24154.7 | M32: =M33+M38+M88+M90 -> 37096.9
A33: 1.1.1. | B33: Основное мероприятие "Разработка технической документации на автомобильные дороги и (или) искусственные дорожные сооружения" | C33: =C34 -> 1127.6 | D33: =D34 -> 0 | E33: =E34 -> 0 | F33: =F34 -> 1127.6 | G33: =G34 -> 0 | H33: =H34 -> 0 | I33: =I34 -> 0 | J33: =J34 -> 0 | ... M33: =M34 -> 574.3
B34: Мероприятие "Разработка технических паспортов на автомобильные дороги Юсьвинского муниципального округа Пермского края" | C34: =F34 -> 1127.6 | D34: 0 | E34: 0 | F34: =574.3+553.3 -> 1127.6 | G34: =J34 -> 0 | H34: 0 | I34: 0 | J34: 0 | K34: =M34 -> 574.3 | L34: 0 | M34: 574.3
A35: 1.1.2. | B35: Основное мероприятие "Проектно-изыскательские работы" | C35: =C36+C37 -> 4808 | D35: =D36 -> 0 | E35: =E36 -> 0 | F35: =F36+F37 -> 4808 | G35: =G36 -> 0 | H35: =H36 -> 0 | I35: =I36 -> 0 | J35: =J36 -> 0 | K35: =K36 -> 0 | L35: =L36 -> 0 | M35: =M36 -> 0
B36: Проектно-изыскательские работы по капитальному ремонту моста через р. Лысковка на км 0+677 автомобильной дороги "Подъезд к пристани Пожва" | C36: =F36 -> 4608 | D36: 0 | E36: 0 | F36: 4608 | G36: =H36+I36+J36 -> 0 | H36: 0 | I36: 0 | J36: 0 | K36: 0 | L36: 0 | M36: 0
B37: Предпроектное обследование объектов дорожной сети | C37: =F37 -> 200 | D37: 0 | E37: 0 | F37: 200 | G37: 0 | H37: 0 | I37: 0 | J37: 0 | K37: 0 | L37: 0 | M37: 0
A38: 1.1.3. | B38: Основное мероприятие «Ремонт муниципальных дорог и искусственных дорожных сооружений» | C38: =C39+C75+C58+C74 -> 42984.506 | D38: 0 | E38: =E39+E75+E58 -> 24383 | F38: =F39+F75+F58+F74 -> 18601.506 | G38: =G39+G75+G58 -> 26838.6 | H38: 0 | I38: =I39+I75+I58 -> 24154.7 | J38: =J39+J75+J58 -> 2683.9 | K38: =K39+K75+K58 -> 26838.6 | L38: =L39+L75+L58 -> 24154.7 | M38: =M39+M75+M58 -> 2683.9
B39: Мероприятие "Ремонт автомобильных дорог (софинансируемые из бюджета ПК)" | C39: =E39+F39 -> 27092.222 | D39: 0 | E39: =SUM(E40:E57) -> 24383 | F39: =SUM(F40:F57) -> 2709.2223 | G39: =SUM(I39+J39) -> 26838.6 | H39: 0 | I39: =SUM(I40:I57) -> 24154.7 | J39: =SUM(J40:J57) -> 2683.9 | K39: =SUM(L39+M39) -> 26838.6 | L39: =SUM(L40:L57) -> 24154.7 | M39: =SUM(M40:M57) -> 2683.9
B40: Ремонт автомобильных дорог (нераспределенные средства) | C40: 0 | D40: 0 | E40: 0 | F40: 0 | G40: =SUM(I40+J40) -> 26838.6 | H40: 0 | I40: 24154.7 | J40: 2683.9 | K40: =SUM(L40+M40) -> 26838.6 | L40: 24154.7 | M40: 2683.9
B41: Ремонт участка автомобильной дороги "Архангельское-Антипино" км 000+000- км 002+200 | C41: =D41+E41+F41 -> 6100.8235 | D41: 0 | E41: 5490.7411 | F41: 610.08235 | G41: 0 | H41: 0 | I41: 0 | J41: 0 | K41: 0 | L41: 0 | M41: 0
B42: Ремонт участка автомобильной дороги "Юсьва-Трифаново" км 002+800 км 005+800 | C42: =D42+E42+F42 -> 9346.1765 | D42: 0 | E42: 8411.5589 | F42: 934.61766 | G42: 0 | H42: 0 | I42: 0 | J42: 0 | K42: 0 | L42: 0 | M42: 0
B43: Ремонт автомобильной дороги по ул. Колхозная с. Аксеново | C43: =D43+E43+F43 -> 600 | D43: 0 | E43: 540 | F43: 60 | G43: 0 | H43: 0 | I43: 0 | J43: 0 | K43: 0 | L43: 0 | M43: 0
B44: Ремонт автомобильной дороги по ул. Пионерская (от ул. Комсомольская до ул. Студенческая) п. Тукачево | C44: =D44+E44+F44 -> 600 | D44: 0 | E44: 540 | F44: 60 | G44: 0 | H44: 0 | I44: 0 | J44: 0 | K44: 0 | L44: 0 | M44: 0
B45: Ремонт автомобильной дороги по ул. Пушкина (от дома №47 до ул. Мира) п. Майкор | C45: =D45+E45+F45 -> 600 | D45: 0 | E45: 540 | F45: 60 | G45: 0 | H45: 0 | I45: 0 | J45: 0 | K45: 0 | L45: 0 | M45: 0
B46: Ремонт автомобильной дороги по ул. Заречная (от дома №5 до дома №26)д. Обирино | C46: =D46+E46+F46 -> 600 | D46: 0 | E46: 540 | F46: 60 | G46: 0 | H46: 0 | I46: 0 | J46: 0 | K46: 0 | L46: 0 | M46: 0
B47: Ремонт автомобильной дороги по ул. Подгорная (от дома №1 до дома №12) | C47: =D47+E47+F47 -> 1086.694 | D47: 0 | E47: 978.0246 | F47: 108.66941 | G47: 0 | H47: 0 | I47: 0 | J47: 0 | K47: 0 | L47: 0 | M47: 0
B48: Ремонт автомобильной дороги по ул. Заречная (от ул. Мартыновская до дома №10 с отворотом к дому №4а) д. Ситково | C48: =D48+E48+F48 -> 1210.0572 | D48: 0 | E48: 1089.0515 | F48: 121.00573 | G48: 0 | H48: 0 | I48: 0 | J48: 0 | K48: 0 | L48: 0 | M48: 0
B49: Ремонт автомобильной дороги по ул. Полевая (от дома №5 до дома №15) с. Архангельское | C49: =D49+E49+F49 -> 939.35595 | D49: 0 | E49: 845.42035 | F49: 93.9356 | G49: 0 | H49: 0 | I49: 0 | J49: 0 | K49: 0 | L49: 0 | M49: 0
B50: Ремонт автомобильной дороги по ул. Восточная с. Тимино | C50: =D50+E50+F50 -> 583.35278 | D50: 0 | E50: 525.0175 | F50: 58.33528 | G50: 0 | H50: 0 | I50: 0 | J50: 0 | K50: 0 | L50: 0 | M50: 0
B51: Ремонт автомобильной дороги по ул. Паньковская (от дома №2 до дома №11) с. Юсьва | C51: =D51+E51+F51 -> 942.15042 | D51: 0 | E51: 847.93537 | F51: 94.21505 | G51: 0 | H51: 0 | I51: 0 | J51: 0 | K51: 0 | L51: 0 | M51: 0
B52: Ремонт автомобильной дороги по ул. Центральная (от дома №13 до дома №16) д. Вороново | C52: =D52+E52+F52 -> 600 | D52: 0 | E52: 540 | F52: 60 | G52: 0 | H52: 0 | I52: 0 | J52: 0 | K52: 0 | L52: 0 | M52: 0
... B57: Ремонт автомобильной дороги по ул. Свободы (от ул. Строителей до ул. Рябиновая) п. Пожва | C57: =D57+E57+F57 -> 567.1945 | D57: 0 | E57: 510.47505 | F57: 56.71945 | G57: 0 | H57: 0 | I57: 0 | J57: 0 | K57: 0 | L57: 0 | M57: 0
B58: Мероприятие "Ремонт автомобильных дорог (несофинансируемые из бюджета ПК)" | C58: =E58+F58 -> 7624.5841 | D58: 0 | E58: 0 | F58: =SUM(F59:F73) -> 7624.5841 | G58: 0 | H58: 0 | I58: 0 | J58: 0 | K58: 0 | L58: 0 | M58: 0
B59: Нераспределенные средства | C59: =D59+E59+F59 -> 0 | D59: 0 | E59: 0 | F59: 0 | G59: 0 | H59: 0 | I59: 0 | J59: 0 | K59: 0 | L59: 0 | M59: 0
B60: Ремонт автомобильной дороги по ул. Котельниковой (от пожарного пирса до дома №2Б) д. В.-Мега | C60: =E60+F60 -> 600 | D60: 0 | E60: 0 | F60: 600 | G60: 0 | H60: 0 | I60: 0 | J60: 0 | K60: 0 | L60: 0 | M60: 0
B61: Ремонт автомобильной дороги по ул. Котельниковой от автомобильной дороги "Кудымкар-Пожва - Верх-Мега до дома №17 д. В.-Мега | C61: =E61+F61 -> 454.3 | D61: 0 | E61: 0 | F61: 454.3 | G61: 0 | H61: 0 | I61: 0 | J61: 0 | K61: 0 | L61: 0 | M61: 0
B62: Ремонт автомобильной дороги по ул. Раздольная (от дома № 3 до дома №13) с. Юсьва | C62: =E62+F62 -> 579 | D62: 0 | E62: 0 | F62: 579 | G62: 0 | H62: 0 | I62: 0 | J62: 0 | K62: 0 | L62: 0 | M62: 0
B63: Восстановление дорожного полотна автомобильной дороги по ул. Прудовая (от мусорной площадки до дома №2) д. Мокрушино | C63: =E63+F63 -> 525.9 | D63: 0 | E63: 0 | F63: 525.9 | G63: 0 | H63: 0 | I63: 0 | J63: 0 | K63: 0 | L63: 0 | M63: 0
B64: Ремонт автомобильной дороги по ул. Березовая (от дома №3 до дома №16) с. Юсьва | C64: =E64+F64 -> 600 | D64: 0 | E64: 0 | F64: 600 | G64: 0 | H64: 0 | I64: 0 | J64: 0 | K64: 0 | L64: 0 | M64: 0
B65: Восстановление дорожного полотна автомобильной дороги "Бажино-Шедово" км 000+000 - км 001+840 | C65: =E65+F65 -> 600 | D65: 0 | E65: 0 | F65: 600 | G65: 0 | H65: 0 | I65: 0 | J65: 0 | K65: 0 | L65: 0 | M65: 0
B66: Ремонт автомобильных дорог по ул. Полевая (от автомобильной дороги "Кудымкар-Усолье" до дома №4) д. Чикманово, ул. Центральная (от дома №11 до дома №13) д. Швычи | C66: =E66+F66 -> 600 | D66: 0 | E66: 0 | F66: 600 | G66: 0 | H66: 0 | I66: 0 | J66: 0 | K66: 0 | L66: 0 | M66: 0
B67: Ремонт участка автомобильной дороги по ул. Школьная (от дома № 1 до дома № 2) с. Мелюхино | C67: =E67+F67 -> 814.88221 | D67: 0 | E67: 0 | F67: =815.6-0.71779 -> 814.88221 | G67: 0 | H67: 0 | I67: 0 | J67: 0 | K67: 0 | L67: 0 | M67: 0
B68: Ремонт автомобильной дороги по ул. Максима Горького (от дома №1 до дома №1В) с. Юсьва | C68: =E68+F68 -> 348.4 | D68: 0 | E68: 0 | F68: 348.4 | G68: 0 | H68: 0 | I68: 0 | J68: 0 | K68: 0 | L68: 0 | M68: 0
B69: Восстановление покрытия проезжей части участков автомобильных дорог по ул. Центральная с. Тимино, ул. Пушкина с. Юсьва, ул. Центральная д. Швычи | C69: =E69+F69 -> 488.3 | D69: 0 | E69: 0 | F69: 488.3 | G69: 0 | H69: 0 | I69: 0 | J69: 0 | K69: 0 | L69: 0 | M69: 0
B70: Восстановление покрытия проезжей части автомобильной дороги по переулку от ул. Комсомольской до ул. Лесная п. Кама | C70: =E70+F70 -> 600 | D70: 0 | E70: 0 | F70: 600 | G70: 0 | H70: 0 | I70: 0 | J70: 0 | K70: 0 | L70: 0 | M70: 0
B71: Ремонт автомобильной дороги по ул. Новая (от ул. Пионерская до дома № 2а) с. Купрос | C71: =E71+F71 -> 219.80194 | D71: 0 | E71: 0 | F71: 219.80194 | G71: 0 | H71: 0 | I71: 0 | J71: 0 | K71: 0 | L71: 0 | M71: 0
B72: Ремонт ул. Северная п. Майкор | C72: =E72+F72 -> 597 | D72: 0 | E72: 0 | F72: 597 | G72: 0 | H72: 0 | I72: 0 | J72: 0 | K72: 0 | L72: 0 | M72: 0
B73: Восстановление покрытия проезжей части участка автомобильной дороги "Бажино-Шедово" 0+000 - км 0+805 | C73: =E73+F73 -> 597 | D73: 0 | E73: 0 | F73: 597 | G73: 0 | H73: 0 | I73: 0 | J73: 0 | K73: 0 | L73: 0 | M73: 0
B74: Мероприятие "Устройство снегозадерживающего забора на автомобильной дороге "Они-Потапово" | C74: 600 | D74: 0 | E74: 0 | F74: 600 | G74: 0 | H74: 0 | I74: 0 | J74: 0 | K74: 0 | L74: 0 | M74: 0
B75: Мероприятие "Восстановление мостов и труб (несофинансируемые)" | C75: =F75 -> 7667.7 | D75: 0 | E75: 0 | F75: =SUM(F76:F87) -> 7667.7 | G75: 0 | H75: 0 | I75: 0 | J75: 0 | K75: 0 | L75: 0 | M75: 0
B76: Нераспределенные средства | C76: =F76 -> 58.14 | D76: 0 | E76: 0 | F76: =238.57437+0.00063-180.435 -> 58.14 | G76: 0 | H76: 0 | I76: 0 | J76: 0 | K76: 0 | L76: 0 | M76: 0
B77: Восстановление водопропускной трубы на автомобильной дороге по ул. Центральная д. Спирино, ул. Озерская д. Кузьмино | C77: =F77 -> 580.8 | D77: 0 | E77: 0 | F77: 580.8 | G77: 0 | H77: 0 | I77: 0 | J77: 0 | K77: 0 | L77: 0 | M77: 0
B78: Восстановление водопропускных труб на автомобильных дорогах: ул. Народнаяд. Сивашер, ул. Северная д. Они | C78: =F78 -> 227.7 | D78: 0 | E78: 0 | F78: 227.7 | G78: 0 | H78: 0 | I78: 0 | J78: 0 | K78: 0 | L78: 0 | M78: 0
B79: Восстановление водопропускной трубы на автомобильной дороге по ул. Савинская, ул. Полярная с. Юсьва | C79: =F79 -> 595 | D79: 0 | E79: 0 | F79: 595 | G79: 0 | H79: 0 | I79: 0 | J79: 0 | K79: 0 | L79: 0 | M79: 0
B80: Восстановление водопропускной трубы на автомобильной дороге "Бажино-Шедово" км 0+450, ул. Мингалевская, д. Якино | C80: =F80 -> 227.9 | D80: 0 | E80: 0 | F80: 227.9 | G80: 0 | H80: 0 | I80: 0 | J80: 0 | K80: 0 | L80: 0 | M80: 0
B81: Ремонт моста на ул. Лесная с. Антипино | C81: =F81 -> 586.5 | D81: 0 | E81: 0 | F81: 586.5 | G81: 0 | H81: 0 | I81: 0 | J81: 0 | K81: 0 | L81: 0 | M81: 0
B82: Ремонт моста через р.Филипповка на автомобильной дороге "Мелюхино-Бачизево-Фотино" | C82: =F82 -> 600 | D82: 0 | E82: 0 | F82: 600 | G82: 0 | H82: 0 | I82: 0 | J82: 0 | K82: 0 | L82: 0 | M82: 0
B83: Ремонт моста через ручей на автомобильной дороге "Крохалево-Урманово-Подволошино" км 3+378 | C83: =F83 -> 481.7 | D83: 0 | E83: 0 | F83: 481.7 | G83: 0 | H83: 0 | I83: 0 | J83: 0 | K83: 0 | L83: 0 | M83: 0
B84: Ремонт моста через р. Вежайка на автомобильной дороге "Кудымкар-Пожва-Черемново | C84: =F84 -> 600 | D84: 0 | E84: 0 | F84: 600 | G84: 0 | H84: 0 | I84: 0 | J84: 0 | K84: 0 | L84: 0 | M84: 0
B85: Ремонт моста через р. Кырдымка на автомобильной дороге "Габово-Купрос" | C85: =F85 -> 1933.76 | D85: 0 | E85: 0 | F85: =1991.9-238.57437-0.00063+180.435 -> 1933.76 | G85: 0 | H85: 0 | I85: 0 | J85: 0 | K85: 0 | L85: 0 | M85: 0
B86: Восстановительные работы по мосту через р. Стер на ул. Набережная п. Тукачево | C86: =F86 -> 600 | D86: 0 | E86: 0 | F86: 600 | G86: 0 | H86: 0 | I86: 0 | J86: 0 | K86: 0 | L86: 0 | M86: 0
B87: Восстановление моста через р. Кемелька на ул. Заводская п. Майкор | C87: =F87 -> 1176.2 | D87: 0 | E87: 0 | F87: 1176.2 | G87: 0 | H87: 0 | I87: 0 | J87: 0 | K87: 0 | L87: 0 | M87: 0
A88: 1.1.4. | B88: Основное мероприятие "Содержание муниципальных дорог" | C88: =E88+F88 -> 33838.7 | D88: 0 | E88: 0 | F88: =F89 -> 33838.7 | G88: =I88+J88 -> 31983.9 | H88: 0 | I88: 0 | J88: =J89 -> 31983.9 | K88: =L88+M88 -> 33838.7 | L88: 0 | M88: =M89 -> 33838.7
B89: Мероприятие "Выполнение работ по содержанию автомобильных дорог общего пользования и улично-дорожной сети Юсьвинского муниципального округа Пермского края" | C89: =E89+F89 -> 33838.7 | D89: 0 | E89: 0 | F89: 33838.7 | G89: =I89+J89 -> 31983.9 | H89: 0 | I89: 0 | J89: 31983.9 | K89: =L89+M89 -> 33838.7 | L89: 0 | M89: 33838.7
A90: 1.1.5. | B90: Основное мероприятие "Реализация федерального проекта "Региональная и местная дорожная сеть" | C90: =E90+F90+D90 -> 262277.93 | D90: =D91 -> 250527.88 | E90: =E91 -> 10438.661 | F90: =F91 -> 1311.3896 | G90: =I90+J90+H90 -> 838.3652 | H90: =H91 -> 0 | I90: =I91 -> 0 | J90: =J91 -> 838.3652 | K90: =L90+M90 -> 0 | L90: 0 | M90: =M91 -> 0
B91: Мероприятие "Приведение в нормативное состояние искусственных дорожных сооружений" | C91: =E91+F91+D91 -> 262277.93 | D91: 250527.88 | E91: 10438.661 | F91: 1311.3896 | G91: =G93+G94 -> 838.3652 | H91: =H93+H94 -> 0 | I91: =I93+I94 -> 0 | J91: =J93+J94 -> 838.3652 | K91: =L91+M91 -> 0 | L91: 0 | M91: 0
B92: Капитальный ремонт автомобильного моста через р. Иньва на автомобильной дороге "Юсьва-Архангельское" в Юсьвинском муниципальном округе Пермского края | C92: =E92+F92+D92 -> 262277.93 | D92: 250527.88 | E92: 10438.661 | F92: 1311.3896 | G92: =I92+J92+H92 -> 0 | H92: 0 | I92: 0 | J92: 0 | K92: =L92+M92 -> 0 | L92: 0 | M92: 0
B93: Капитальный ремонт моста через р. Лысковка на км 0+677 автомобильной дороги «Подъезд к пристани Пожва» | C93: 0 | D93: 0 | E93: 0 | F93: 0 | G93: =I93+J93+H93 -> 531.73465 | H93: 0 | I93: 0 | J93: 531.73465 | K93: 0 | L93: 0 | M93: 0
B94: Ремонт участка автомобильной дороги "Юсьва-Архангельское" км 000+000 - км 1+555, км 2+550 - км 4+162, км 6+480" | C94: 0 | D94: 0 | E94: 0 | F94: 0 | G94: =I94+J94+H94 -> 306.63055 | H94: 0 | I94: 0 | J94: 306.63055 | K94: 0 | L94: 0 | M94: 0
A95: 1.1.6. | B95: Основное мероприятие "Реализация федерального проекта "Развитие транспортной инфраструктуры на сельских территориях" государственной программы Российской Федерации "Комплексное развитие сельских территорий" | C95: =E95+F95+D95 -> 0 | D95: =D96 -> 0 | E95: =E96 -> 0 | F95: =F96 -> 0 | G95: =I95+J95+H95 -> 0 | H95: =H96 -> 0 | I95: =I96 -> 0 | J95: =J96 -> 0 | K95: =L95+M95 -> 0 | L95: 0 | M95: =M96 -> 0
B96: Мероприятие "Приведение в нормативное состояние автомобильных дорог" | C96: =E96+F96+D96 -> 0 | D96: =D97+D98 -> 0 | E96: =E97+E98 -> 0 | F96: 0 | G96: =I96+J96+H96 -> 0 | H96: 0 | I96: 0 | J96: 0 | K96: =L96+M96 -> 0 | L96: 0 | M96: 0
B97: Ремонт участка автомобильной дороги "Юсьва-Архангельское" км 000+000 км 1+550, км 2+550 км 4+162, км 4+462 км 6+480 | C97: =E97+F97+D97 -> 0 | D97: 0 | E97: 0 | F97: 0 | G97: =I97+J97+H97 -> 0 | H97: 0 | I97: 0 | J97: 0 | K97: =L97+M97 -> 0 | L97: 0 | M97: 0
B98: Ремонт участка автомобильной дороги "Юсьва-Мелюхино" км 0+000 км 0+980 | C98: =E98+F98+D98 -> 0 | D98: 0 | E98: 0 | F98: 0 | G98: =I98+J98+H98 -> 0 | H98: 0 | I98: 0 | J98: 0 | K98: =L98+M98 -> 0 | L98: 0 | M98: 0
A99: 1.2. | B99: Подпрограмма «Повышение безопасности дорожного движения на автомобильных дорогах Юсьвинского муниципального округа" | C99: =C100+C102+C104 -> 3937 | D99: 0 | E99: =E100+E102+E104 -> 2160 | F99: =F100+F102+F104 -> 1777 | G99: =J99 -> 0 | H99: 0 | I99: 0 | J99: =J100+J102 -> 0 | K99: =K101 -> 0 | L99: 0 | M99: =M101 -> 0
A100: 1.2.1. | B100: Основное мероприятие "Обеспечение безопасности дорожных условий на автомобильных дорогах" | C100: =C101 -> 1236.6 | D100: 0 | E100: 0 | F100: =F101 -> 1236.6 | G100: 0 | H100: 0 | I100: 0 | J100: 0 | K100: 0 | L100: 0 | M100: 0
B101: Мероприятие "Замена и установка барьерных ограждений, автобусных остановок, недостающих дорожных знаков, информационных щитов, светофоров" | C101: 1236.6 | D101: 0 | E101: 0 | F101: 1236.6 | G101: =J101 -> 0 | H101: 0 | I101: 0 | J101: 0 | K101: 0 | L101: 0 | M101: 0
A102: 1.2.2. | B102: Основное мероприятие "Обеспечение транспортной безопасности объектов транспортной инфраструктуры" | C102: =C103 -> 300.4 | D102: =D103 -> 0 | E102: =E103 -> 0 | F102: =F103 -> 300.4 | G102: =G103 -> 0 | H102: =H103 -> 0 | I102: =I103 -> 0 | J102: =J103 -> 0 | ... M102: =M103 -> 0
B103: Мероприятие "Разработка плана, паспорта обеспечения транспортной безопасности и подготовка сил обеспечения транспортной безопасности" | C103: =F103 -> 300.4 | D103: 0 | E103: 0 | F103: 300.4 | G103: =J103 -> 0 | H103: 0 | I103: 0 | J103: 0 | K103: 0 | L103: 0 | M103: 0
A104: 1.2.2. | B104: Основное мероприятие "Региональный проект "Комфортный край" | C104: =C105 -> 2400 | D104: =D105 -> 0 | E104: =E105 -> 2160 | F104: =F105 -> 240 | G104: =G105 -> 0 | H104: =H105 -> 0 | I104: =I105 -> 0 | J104: =J105 -> 0 | ... M104: =M105 -> 0
B105: Мероприятие "Участие в реализации мероприятия по направлению «Школьная остановка» регионального проекта «Комфортный край»" | C105: =F105+E105 -> 2400 | D105: 0 | E105: 2160 | F105: 240 | G105: =J105 -> 0 | H105: 0 | I105: 0 | J105: 0 | K105: 0 | L105: 0 | M105: 0
B107: Нераспределенный остаток средств дорожного фонда, тыс. рублей: | D107: =E9+C17-C31 -> 0

Sheet Приложение 5
C1: Приложение 5
C2: к решению Думы Юсьвинского
C3: муниципального округа Пермского края
C4: от 16.09.2026 № 207
A6: Источники финансирования дефицита бюджета Юсьвинского муниципального округа Пермского края на 2026 год и на плановый период 2027 и 2028 годов
B7: (тыс.руб.)
A8: Код классификации источников внутреннего финансирования дефицита | B8: Наименование кода классификации источников внутреннего финансирования дефицита | C8: 2026 год | D8: 2027 год | E8: 2028 год
A10: 01 00 00 00 00 0000 000 | B10: ИСТОЧНИКИ ВНУТРЕННЕГО ФИНАНСИРОВАНИЯ ДЕФИЦИТОВ БЮДЖЕТОВ | C10: =C11 -> 10968.264 | D10: =D11 -> 0 | E10: =E11 -> 0
A11: 01 05 00 00 00 0000 000 | B11: Изменение остатков средств на счетах по учету средств бюджетов | C11: =(C15+C16) -> 10968.264 | D11: =(D15+D16) -> 0 | E11: =(E15+E16) -> 0
A12: 01 05 00 00 00 0000 500 | B12: Увеличение остатков средств бюджетов | C12: =C13 -> 0 | D12: =D13 -> 0 | E12: =E13 -> 0
A13: 01 05 02 00 00 0000 500 | B13: Увеличение прочих остатков средств бюджетов | C13: =C14 -> 0 | D13: =D14 -> 0 | E13: =E14 -> 0
A14: 01 05 02 01 00 0000 510 | B14: Увеличение прочих остатков денежных средств бюджетов | C14: =C15 -> 0 | D14: =D15 -> 0 | E14: =E15 -> 0
A15: 01 05 02 01 14 0000 510 | B15: Увеличение прочих остатков денежных средств бюджетов муниципальных округов | C15: 0 | D15: 0 | E15: 0
A16: 01 05 00 00 00 0000 600 | B16: Уменьшение остатков средств бюджетов | C16: =C19 -> 10968.264 | D16: =D19 -> 0 | E16: =E19 -> 0
A17: 01 05 02 00 00 0000 600 | B17: Уменьшение прочих остатков средств бюджетов | C17: =C18 -> 10968.264 | D17: =D19 -> 0 | E17: =E19 -> 0
A18: 01 05 02 01 00 0000 610 | B18: Уменьшение прочих остатков денежных средств бюджетов | C18: =C19 -> 10968.264 | D18: =D19 -> 0 | E18: =E19 -> 0
A19: 01 05 02 01 14 0000 610 | B19: Уменьшение прочих остатков денежных средств бюджетов муниципальных округов | C19: ='приложение 1'!F600-1446517.59142 -> 10968.264 | D19: 0 | E19: 0
B20: Всего | C20: =C19 -> 10968.264 | D20: =D10 -> 0 | E20: =E10 -> 0
B25: дох | C25: 1446517.6 | D25: 1074723.9 | E25: 1068605.2
B26: расх | C26: ='приложение 1'!F600 -> 1457485.9 | D26: ='приложение 1'!I600 -> 1068842.7 | E26: ='приложение 1'!J600 -> 1030631.4
B27: деф | C27: =C25-C26 -> -10968.264
B28: УУР | D28: =D25-D26 -> 5881.1229 | E28: =E25-E26 -> 37973.868

Sheet свод
D1: 2026 | E1: 2027 | F1: 2028
A2: 02 1 10 00150 | C2: Оказание услуг дошкольного образования в рамках полномочий Юсьвинского муниципального округа Пермского края | D2: =-1009.4 -> -1009.4
A3: 02 2 10 00150 | C3: Оказание услуг в сфере общего образования в рамках полномочий Юсьвинского муниципального округа Пермского края | D3: -889.7
A4: 02 2 20 4Н010 | C4: Обеспечение бесплатного проезда обучающихся до места обучения и обратно | D4: 295.3
A5: 02 2 20 4Н020 | C5: Обеспечение бесплатным питанием обучающихся с ограниченными возможностями здоровья в образовательных учреждениях | D5: 132.2
A6: 02 6 10 4Н130 | C6: Проведение ремонтных работ в зданиях и помещениях учреждений, направленные на приведение их в соответствие нормативным требованиям, включая мероприятия, связанные с обеспечением доступной среды для маломобильных групп населения | D6: =231.5 -> 231.5 | G6: АПС и СОУЭ новая школа Доег-600, котел Крохалево 547,3 (в непрограммные) и крыша Майкор СОШ 231,5
A7: 02 6 10 4Н100 | C7: Приобретение и приведение в нормативное состояние автотранспорта для обеспечения бесплатного проезда обучающихся до места обучения и обратно | D7: =386.1+256.3 -> 642.4
A8: 05 0 20 4И050 | C8: Приобретение (выкуп) в муниципальную собственность объектов недвижимости | D8: -100
A9: 06 1 70 4К090 | C9: Приведение в нормативное состояние учреждений культуры и образовательных учреждений в сфере культуры | D9: 683.1
A10: 10 2 30 4М036 | C10: Организация зон санитарной охраны водозаборных скважин | D10: 69.4 | E10: 247.5 | G10: разработка проекта ЗСО и проведение экспертизы проекта ЗСО Доег
A11: 10 3 10 4М070 | C11: Ремонт (обустройство) источников водоснабжения и систем водоснабжения | D11: 1057.5
A12: 11 1 40 9Д031 | C12: Ремонт автомобильных дорог (несофинансируемые из бюджета ПК)
C13: Ремонт автомобильной дороги по ул.Новая (от ул.Пионерская до дома № 2а) с.Купрос | D13: 219.80194
C14: Восстановление дорожного полотна участка автомобильной дороги по ул.Северная (от ул.Чехова до ул.Вотинова) п.Майкор (от ул.Чехова до ул.Вотинова) | D14: 597
C15: Восстановление покрытия проезжей части участка автомобильной дороги "Бажино-Шедово" км 0+000 - км 0+805 | D15: 597
C16: Ремонт участка автомобильной дороги по ул. Школьная (от дома № 1 до дома № 2) с. Мелюхино | D16: -0.71779
A17: 11 1 60 L3720 | C17: Приведение в нормативное состояние автомобильных дорог | D17: -438.88
A18: 11 1 И8 54470 | C18: Приведение в нормативное состояние искусственных дорожных сооружений | E18: 306.63055
A19: 11 2 10 4Д051 | C19: Осуществление перевозок пассажиров и багажа автомобильным транспортом по муниципальным маршрутам на территории Юсьвинского муниципального округа Пермского края | D19: 668.2
A20: 13 0 10 4Ч080 | C20: Организация обустройства места массового отдыха населения на водных объектах на территории Юсьвинского муниципального округа Пермского края | D20: -301.3
A21: 13 0 20 4Ч040 | C21: Противопожарное водоснабжение Юсьвинского муниципального округа Пермского края | D21: 299
A22: 13 0 30 4Ч070 | C22: Обеспечение материальными резервами ПВР | D22: 2.3
A23: 92 0 00 00220 | C23: Обеспечение деятельности муниципального казенного учреждения «Единый сервисный центр» | D23: =68.2+158 -> 226.2 | E23: =659+185.3 -> 844.3 | G23: установка пожарной и охранной сигнализации в 2027, в 2026 - возм.расходов гсм 68,2+158,0 оптоволокно
A24: 92 0 00 00230 | C24: Исполнение решений судов, вступивших в законную силу, и оплата государственной пошлины | D24: 25 | G24: укус Шиловой
A25: 92 0 00 00221 | C25: Подготовка котельных к отопительному сезону (Универсал 97,5, Пожвинская СОШ 600,0 Крохалевская СОШ 547,3) | D25: =97.5+547.3+600 -> 1244.8
A26: 92 0 00 00223 | C26: Аренда топливозаправщика для хранения сжиженного газа | D26: -155
A27: ндс от продажи имущества | D27: 768.6
A28: насосы жкх (381,6) | C28: резервный фонд | D28: =792.8-410.6+16.3-95.6 -> 302.9 | G28: может, увеличить резервный в этом году для этого
A29: жкх на пожв.очистн | D29: 410.6
C30: охрана культура | D30: 160.2
C31: охрана имущество | D31: 133.5
C32: ликвидационная комиссия школа Тукачево | D32: 364.5
A33: ЖКХ на валку 4-х деревьев | D33: 120 | E33: не учтены
C34: Итого | D34: =SUM(D2:D32) -> 6236.0042 | E34: =SUM(E2:E24) -> 1398.4306
A36: Доходы | B36: дотации | C36: 1487.4
B37: возврат "КК" | C37: -1344.3913
B38: плат | C38: 68.2
B39: 113 | C39: 872.2
B40: продажа здания | C40: 4669.3
B41: штрафы | C41: 404.9
B42: от возвор | C42: 78.4
B43: Итого | C43: =SUM(C36:C42) -> 6236.0087
C45: =C43-D34 -> 0.00455 | D45: ='приложение 1'!E600 -> 5763.9042
D46: =D45-D34 -> -472.1
